 Dungeon Crawl Stone Soup version 0.29-a0-418-gc0181ea820 (webtiles) character file.

Game seed: 13340819798704700851

6 two6547 the Magician (level 1, 0/14 HPs)
             Began as a Hill Orc Hedge Wizard on May 18, 2022.
             Slain by a goblin
             ... wielding a +0 dagger
              (1 damage)
             ... on level 2 of the Dungeon.
             The game lasted 00:02:51 (318 turns).

two6547 the Magician (Hill Orc Hedge Wizard)         Turns: 318, Time: 00:02:51

Health: 0/14       AC:  2    Str: 12    XL:     1   Next: 90%
Magic:  4/4        EV: 12    Int: 14    God:
Gold:   11         SH:  0    Dex: 10    Spells: 4/5 levels left

rFire   . . .      SeeInvis .   a - +0 dagger
rCold   . . .      Faith    .   (no shield)
rNeg    . . .      Spirit   .   b - +0 robe
rPois   .          Reflect  .   c - +0 hat
rElec   .          Harm     .   (no cloak)
rCorr   .          Rampage  .   (no gloves)
Will    .....                   (no boots)
Stlth   ++........              (no amulet)
HPRegen 0.04/turn               (no ring)
MPRegen 0.09/turn               (no ring)

@: no status effects
A: no striking features
a: no special abilities


You were on level 2 of the Dungeon.
You visited 1 branch of the dungeon, and saw 2 of its levels.

You collected 11 gold pieces.

Inventory:

Hand Weapons
 a - a +0 dagger (weapon)
 e - a +0 spear
 f - a +0 dagger
 j - a +0 dagger
 l - a +3 dagger of venom
 m - a +0 dagger
 o - a +0 long sword
Missiles
 n - a throwing net
Armour
 b - a +0 robe (worn)
 c - a +0 hat (worn)
 h - a +0 robe
Scrolls
 g - a scroll of identify
 k - a scroll of noise
Potions
 d - a potion of magic
 i - a potion of attraction {unknown}


   Skills:
 + Level 1.7 Dodging
 + Level 1.5 Stealth
 + Level 2.6 Spellcasting
 + Level 1.0 Conjurations
 + Level 1.0 Summonings
 + Level 0.7 Translocations


You had 4 spell levels left.
You knew the following spells:

 Your Spells              Type           Power      Damage    Failure   Level
a - Magic Dart            Conj           16%        1d3       14%         1

Your spell library contained the following spells:

 Spells                   Type           Power      Damage    Failure   Level
 Slow                     Hex            4%         N/A       22%         1
 Call Imp                 Summ           4%         N/A       22%         2
 Blink                    Tloc           6%         N/A       26%         2
 Conjure Flame            Conj/Fire      3%         6-21      47%         3
 Mephitic Cloud           Conj/Pois/Air  2%         N/A       50%         3


Dungeon Overview and Level Annotations

Branches:
Dungeon (2/15)

Altars:


Message History

HP restored.
There is an open door here.
Found a long sword.
n - a throwing net You see here a +0 long sword.
o - a +0 long sword Your magic is already full.
There is an open door here.
A rat comes into view.
The helpless rat fails to defend itself.
You hit the rat.
You kill the rat!
As you open the door, it creaks loudly!
There is an open door here.
An endoplasm and a goblin come into view.
Found a leather armour.
The goblin shouts!
The endoplasm quivers.
The endoplasm attacks as you move away! The endoplasm closely misses you.
You hit the endoplasm.
The endoplasm is lightly wounded.
The endoplasm closely misses you.
You hit the endoplasm but do no damage. The endoplasm freezes you.
You are frozen.
You hit the endoplasm.
The endoplasm is heavily wounded.
The goblin hits you but does no damage. The endoplasm barely misses you.
You closely miss the goblin. The goblin completely misses you.
The endoplasm misses you.
You hit the goblin but do no damage. The goblin hits you with a +0 dagger.
The endoplasm misses you.
You closely miss the goblin. The goblin hits you with a +0 dagger.
The endoplasm freezes you.
You are frozen.
* * * LOW HITPOINT WARNING * * *
You hit the goblin.
The goblin is moderately wounded.
The goblin hits you with a +0 dagger.
You die...

#################
................##
###############g.#######
...... ....[..J@.......
###### ########..#####.
##.# .# .. .. ## .#.
...# . #. # ..


You could see an endoplasm and a goblin.

Vanquished Creatures
  2 goblins
  A hobgoblin (D:1)
  3 rats
6 creatures vanquished.

Notes
Turn   | Place    | Note
-------+----------+-------------------------------------------
     0 | D:1      | two6547 the Hill Orc Hedge Wizard began the quest for the
                  | Orb.
     0 | D:1      | Reached XP level 1. HP: 14/14 MP: 3/3
   318 | D:2      | Slain by a goblin

Illustrated notes

Levels and vault maps discovered:
D:1:      grunt_arrival_crossed_arrows, layout_basic
D:2:      layout_basic, basic_altar, uniq_jessica

Action                   || total
-------------------------++-------
Melee: Dagger            ||    16
  Use: Scroll            ||     1
 Stab: Sleeping          ||     1
Armor: Robe              ||     3
Dodge: Dodged            ||     7

Table legend: (Time is in decaauts)
 A = Elapsed time spent in this place.
 B = Non-inter-level travel time spent in this place.
 C = Inter-level travel time spent in this place.
 D = Time resting spent in this place.
 E = Time spent auto-exploring this place.
 F = Levels seen in this place.
 G = Mean time per level.
                   A        B        C        D        E       F      G
               +--------+--------+--------+--------+--------+-----+--------+
         Total |    317 |     62 |    255 |      0 |      0 |   2 |  158.5 |
       Dungeon |    317 |     62 |    255 |      0 |      0 |   2 |  158.5 |
               +--------+--------+--------+--------+--------+-----+--------+

Top non-repeatable levels by time:
     D:2: 246 daAuts
     D:1: 71 daAuts
